 Dungeon Crawl Stone Soup version 0.30-b1-2-g02819fbbbe (webtiles) character file.

Game seed: 15673059840969496022

362 MisterFreud the Sneak (level 6, 0/28 HPs)
             Began as a Felid Berserker on June 23, 2023.
             Was a Believer of Trog.
             Succumbed to an adder's poison
             ... on level 4 of the Dungeon.
             The game lasted 00:04:08 (2423 turns).

MisterFreud the Sneak (Felid Berserker)             Turns: 2423, Time: 00:04:09

Health: 0/28       AC:  2    Str: 13    XL:     6   Next: 39%
Magic:  7/7        EV: 24    Int:  9    God:    Trog [**....]
Gold:   197        SH:  0    Dex: 17    Spells: 5/5 levels left
                                        Lives:  0   Deaths: 1

rFire   . .          .
                       - Unarmed
rCold   . . .        (shield unavailable)
rNeg    . . .        (body armour unavailable)
rPois   .            (helmet unavailable)
rElec   .            (cloak unavailable)
rCorr   .            (gloves unavailable)
SInv    +            (boots unavailable)
Will    .....        (no amulet)
Stlth   +++          l - +5 ring of evasion
HPRegen 0.24/turn    (no ring)
MPRegen 0.10/turn

%: no passive effects
@: lethally poisoned (0 -> -4), on berserk cooldown, slowed, studying Stealth,
slow
A: very small, claws 1, fangs 3, see invisible, speed 1, shaggy fur 2, stealthy
paws, no weapons or thrown items, no armour, multi-lived
a: Renounce Religion, Berserk, Trog's Hand


You were on level 4 of the Dungeon.
You worshipped Trog.
Trog was pleased with you.
You visited 1 branch of the dungeon, and saw 4 of its levels.

You collected 197 gold pieces.

Inventory:

Jewellery
 l - a +5 ring of evasion (left paw)
Wands
 m - a wand of mindburst (21)
Scrolls
 g - a scroll of fear
 i - a scroll of fog
 k - a scroll of magic mapping
Potions
 a - 2 potions of lignification
 b - a potion of attraction
 c - a potion of heal wounds
 d - a potion of degeneration {unknown}
 e - 2 potions of resistance
 h - a potion of cancellation {unknown}
 j - a potion of curing {unknown}
 n - a potion of brilliance {unknown}
 o - a potion of haste {unknown}
 p - a potion of berserk rage {unknown}


   Skills:
 - Level 3.0 Fighting
 + Level 4.4 Dodging
 - Level 6.0 Stealth
 - Level 6.0 Unarmed Combat


You had 5 spell levels left.
You didn't know any spells.
Your spell library was empty.

Dungeon Overview and Level Annotations

Branches:
Dungeon (4/15)
 Temple: D:4-7

Altars:


Innate Abilities, Weirdness & Mutations

You have sharp claws.
You have razor-sharp teeth.
You have supernaturally acute eyesight. (SInv)
You cover ground quickly. (Speed+)
You are covered in thick fur. (AC +2)
Your paws help you pounce on unaware monsters.
You are incapable of wielding weapons or throwing items.
You cannot wear armour.
You gain extra lives every three experience levels.


Message History

The adder misses you.
You barely miss the orc priest. You bite the orc priest!
The orc priest is severely wounded.
The orc priest hits you with a +0 falchion!
* * * LOW HITPOINT WARNING * * *
The orc completely misses you. The adder bites you.
* * * LOW HITPOINT WARNING * * *
You are lethally poisoned!
The adder poisons you!
You closely miss the orc priest.
The orc priest is severely wounded.
* * * LOW HITPOINT WARNING * * *
You feel sick. The orc priest misses you. The orc completely misses you.
You closely miss the orc priest. You bite the orc priest.
The orc priest is severely wounded.
* * * LOW HITPOINT WARNING * * *
You feel sick. The adder bites you.
* * * LOW HITPOINT WARNING * * *
Unknown command.
Unknown command.
You barely miss the orc priest.
The orc priest is severely wounded.
* * * LOW HITPOINT WARNING * * *
You feel sick. The adder completely misses you.
The orc priest closely misses you. The orc completely misses you.
An orc comes into view. It is wielding a +0 flail.
Unknown command.
* * * LOW HITPOINT WARNING * * *
You feel sick.
Things that are here:
a +1 hand axe of flaming; a boomerang; a +0 ring mail You feel a strong urge to attack something.
* * * LOW HITPOINT WARNING * * *
You feel sick.
You are too berserk!
Unknown command.
You feel your anger nearly subside.
You are no longer berserk.
You are exhausted.
You feel yourself slow down.
You die...

#.....)......... .......
#..###..........###.......
### ##....#...............
#...###......oo).o.o.#
#..## ##....).# . #...#
##....##S## ..
##.####.#..##...# ...
#..............## ..#
#.........@.....##.o##.
#.#................o...
#.###...##.............
..# #....#..##.........
#####...#...####........
#...#..## #####....
######.# ..## ### ##


You could see an adder.

Vanquished Creatures
  An ice beast (D:4)
  An orc priest (D:4)
  Jessica (D:2)
  Terence (D:2)
  An iguana (D:3)
  2 orc wizards
  Robin (D:3)
  2 adders (D:2)
  4 gnolls (D:2)
  2 worms
  A dart slug (D:2)
  8 orcs
  7 bats
  4 endoplasms
  3 giant cockroaches
  8 hobgoblins
  5 jackals
  2 quokkas
  8 ball pythons
  5 frilled lizards
  6 goblins
  4 kobolds
  5 rats
82 creatures vanquished.

Notes
Turn   | Place    | Note
-------+----------+-------------------------------------------
     0 | D:1      | MisterFreud the Felid Berserker began the quest for the
                  | Orb.
     0 | D:1      | Reached XP level 1. HP: 10/10 MP: 2/2
    93 | D:1      | Reached skill level 1 in Stealth
   142 | D:1      | Reached XP level 2. HP: 8/14 MP: 3/3
   842 | D:2      | Reached XP level 3. HP: 17/17 MP: 4/4
   862 | D:2      | Reached ** piety under Trog
   873 | D:2      | Noticed Terence
   883 | D:2      | Killed Terence
   984 | D:2      | Reached XP level 4. HP: 12/21 MP: 5/5
  1007 | D:2      | Slain by a gnoll
  1008 | D:2      | Reached XP level 3. HP: 1/17 MP: 4/4
  1102 | D:2      | Noticed Jessica
  1104 | D:2      | Killed Jessica
  1105 | D:2      | Reached skill level 5 in Stealth
  1158 | D:2      | Reached XP level 4. HP: 15/21 MP: 5/5
  1543 | D:2      | Identified a scroll of acquirement
  1543 | D:2      | Acquired a manual of Stealth
  1828 | D:3      | Noticed Robin
  1834 | D:3      | Killed Robin
  1835 | D:3      | Reached XP level 5. HP: 24/24 MP: 6/6
  2295 | D:3      | Reached skill level 5 in Unarmed Combat
  2344 | D:4      | Noticed an ice beast
  2353 | D:4      | Killed an ice beast
  2354 | D:4      | Gained mutation: You are covered in thick fur. (AC +2)
                  | [Felid growth]
  2354 | D:4      | Reached XP level 6. HP: 28/28 MP: 7/7
  2420 | D:4      | HP: 2/42 [poisoned by an adder]
  2423 | D:4      | Succumbed to an adder's poison

Illustrated notes

Levels and vault maps discovered:
D:1:      scummos_arrival_star, layout_loops_ring
D:2:      layout_loops_ring, mrwooster_statue_mirror, uniq_terence, uniq_jessica
D:3:      layout_loops_ring, uniq_robin
D:4:      layout_cave_pools, cheibrodos_sewer_entry_sluice,
          ebering_ghost_rock_garden, nrook_campfire, nicolae_elevator_lobby_plus

Skill      XL: |  1  2  3  4  5  6 |
---------------+-------------------+-----
Stealth        | 2 3 5 6 |  6.0
Unarmed Combat | 4 5 6 |  6.0
Fighting       | |  3.0
Dodging        | |  4.4

Action                     |  1- 3 |  4- 6 || total
---------------------------+-------+-------++-------
  Melee: Unarmed           |   117 |   115 ||   232
         Punch             |     5 |     2 ||     7
         Bite              |     5 |    13 ||    18
 Invoke: Berserk           |     3 |     3 ||     6
    Use: Scroll            |     3 |     9 ||    12
   Stab: Sleeping          |     8 |     7 ||    15
 Armour: Skin              |     6 |     2 ||     8
  Dodge: Dodged            |    98 |    97 ||   195
